 Dungeon Crawl Stone Soup version 0.31-a0-656-gb4d89c20fa (webtiles) character file.

Game seed: 8127231530700568871

660 heikuro the Shield-Bearer (level 7, -8/56 HPs)
             Began as a Formicid Fighter on Aug 30, 2023.
             Killed by divine providence
             ... invoked by an orc priest
              (11 damage)
             ... on level 7 of the Dungeon.
             The game lasted 00:09:23 (3747 turns).

heikuro the Shield-Bearer (Formicid Fighter)        Turns: 3747, Time: 00:09:23

Health: -8/56      AC: 11    Str: 22    XL:     7   Next: 86%
Magic:  7/7        EV:  8    Int:  8    God:
Gold:   242        SH:  5    Dex: 13    Spells: 6/6 levels left

rFire   . . .        a - +0 war axe
rCold   . . .        c - +0 buckler
rNeg    . . .        f - +0 chain mail
rPois   .            (helmet unavailable)
rElec   .            (no cloak)
rCorr   .            (no gloves)
SInv    +            e - +0 pair of boots
Will    .....        q - amulet of magic regeneration
Stlth   x              - ring of wizardry
HPRegen 0.29/turn    (no ring)
MPRegen 0.50/turn

%: wizardry (x1)
@: no status effects
A: permanent stasis, dig shafts and tunnels, antennae 3, four strong arms
a: Dig, Shaft Self


You were on level 7 of the Dungeon.
You visited 1 branch of the dungeon, and saw 6 of its levels.

You collected 242 gold pieces.

Inventory:

Hand Weapons
 a - a +0 war axe (weapon)
 t - a +2 mace of draining
Missiles
 g - 2 poisoned darts
 i - 5 atropa-tipped darts
 B - 12 boomerangs (quivered)
Armour
 c - a +0 buckler (worn)
 e - a +0 pair of boots (worn)
 f - a +0 chain mail (worn)
 s - the +0 chain mail of Lereusin {*Corrode Will+++ Int-4 Stlth+}
   (You found it on level 2 of the Dungeon)

   Int-4:     It affects your intelligence (-4).
   Will+++:   It greatly increases your willpower.
   *Corrode:  It may corrode you when you take damage.
   Stlth+:    It makes you more stealthy.
Jewellery
 q - an amulet of magic regeneration (around neck)
 x - a ring of wizardry (left hand)
Wands
 j - a wand of charming (11)
Scrolls
 b - a scroll of fear {unknown}
 h - a scroll of torment {unknown}
 k - a scroll of revelation {unknown}
 l - 2 scrolls of amnesia {unknown}
 r - a scroll of blinking {unknown}
 u - a scroll of noise {unknown}
 w - a scroll of vulnerability {unknown}
 y - a scroll of fog {unknown}
Potions
 d - a potion of might
 m - a potion of attraction
 n - 4 potions of heal wounds
 o - 2 potions of lignification
 p - 2 potions of enlightenment {unknown}
 v - a potion of haste {unknown}
 z - a potion of brilliance {unknown}
 A - 2 potions of curing {unknown}


   Skills:
 + Level 5.1 Fighting
 * Level 5.3 Axes
 + Level 5.1 Armour
 + Level 6.0 Shields


You had 6 spell levels left.
You didn't know any spells.
Your spell library contained the following spells:

 Spells                   Type           Power      Damage    Failure   Level
 Tukima's Dance           Hex            0%         N/A       97%         3
 Passage of Golubria      Tloc           0%         N/A       100%        4
 Yara's Violent Unravell  Hex/Tmut       0%         3d3       100%        5


Dungeon Overview and Level Annotations

Branches:
Dungeon (5/15)
 Temple: D:4-7

Altars:
Nemelex Xobeh
Trog


Innate Abilities, Weirdness & Mutations

You cannot be hasted, slowed, berserked, paralysed or teleported.
You can dig through walls and to a lower floor.
You have a pair of large antennae on your head. (SInv)
Your four strong arms can wield two-handed weapons with a shield.


Message History

You hit the orc.
The orc is lightly wounded.
You hit the orc priest.
You kill the orc priest!
You hit the bullfrog.
The bullfrog hits you but does no damage. x2
Unknown command.
You hit the orc.
The orc is heavily wounded.
You slash the bullfrog! The bullfrog barely misses you.
The bullfrog hits you but does no damage.
The orc barely misses you. You block the orc's attack.
You block the orc priest's attack.
Unknown command.
You barely miss the orc priest. You closely miss the bullfrog.
You barely miss the orc. You hit the orc.
You kill the orc!
The bullfrog hits you. You block the bullfrog's attack.
The orc priest mumbles some strange prayers to Beogh against you.
Pain shoots through your body! The orc hits you with a +0 mace.
* * * LOW HITPOINT WARNING * * *
Unknown command.
You hit the orc priest.
The orc priest is lightly wounded.
You closely miss the bullfrog. You hit the orc.
You block the bullfrog's attack.
The orc priest invokes the aid of Beogh against you.
Pain shoots through your body!
* * * LOW HITPOINT WARNING * * *
The orc hits you but does no damage.
The bullfrog hits you but does no damage.
You barely miss the orc priest.
The orc priest is lightly wounded.
You hit the bullfrog. You hit the orc.
You kill the orc!
The bullfrog swells and bulges.
The bullfrog hits you but does no damage.
The orc priest calls down the wrath of Beogh upon you.
Beogh smites you!
You die...

#...#.#.........#
###...#.#.#######.#
........#.. .#
###.....#### .#
#.....# .# ##....#
.# . #....# .#
....#.Fo####.#
....'))@)....#
....########## ...
. {


You could see a bullfrog and an orc priest.

Vanquished Creatures
  A water moccasin (D:5)
  A black bear (D:5)
  An ogre (D:4)
  A howler monkey (D:5)
  2 orc priests
  A gnoll bouda (D:4)
  2 iguanas
  An orc wizard (D:5)
  3 gnolls (D:4)
  5 adders
  A shadow imp (D:7)
  A worm (D:3)
  A dart slug (D:2)
  5 orcs
  6 endoplasms
  A giant cockroach (D:4)
  6 goblins
  7 hobgoblins
  4 jackals
  5 kobolds
  5 quokkas
  5 ball pythons
  4 bats
  3 frilled lizards
  4 rats
76 creatures vanquished.

Vanquished Creatures (others)
  An orc wizard (D:7)
1 creature vanquished.

Grand Total: 77 creatures vanquished

Notes
Turn   | Place    | Note
-------+----------+-------------------------------------------
     0 | D:1      | heikuro the Formicid Fighter began the quest for the Orb.
     0 | D:1      | Reached XP level 1. HP: 18/18 MP: 1/1
   206 | D:1      | Reached XP level 2. HP: 24/24 MP: 2/2
   340 | D:1      | Reached XP level 3. HP: 29/29 MP: 3/3
   981 | D:2      | Identified the +0 chain mail of Lereusin {*Corrode Will+++
                  | Int-4 Stlth+}
  1433 | D:3      | Reached XP level 4. HP: 37/37 MP: 4/4
  2178 | D:4      | Found a bloodstained altar of Trog.
  2193 | D:4      | Found a sparkling altar of Nemelex Xobeh.
  2205 | D:4      | Reached XP level 5. HP: 42/42 MP: 5/5
  2324 | D:4      | Reached skill level 5 in Shields
  2327 | D:4      | Reached XP level 6. HP: 16/47 MP: 6/6
  2674 | D:4      | Noticed an ogre
  2682 | D:4      | Killed an ogre
  3074 | D:5      | Entered Level 5 of the Dungeon
  3209 | D:5      | Noticed a black bear
  3216 | D:5      | Killed a black bear
  3217 | D:5      | Reached XP level 7. HP: 53/55 MP: 7/7
  3317 | D:5      | Noticed a water moccasin
  3327 | D:5      | Killed a water moccasin
  3328 | D:5      | Reached skill level 5 in Axes
  3372 | D:5      | Reached skill level 5 in Fighting
  3500 | D:5      | Reached skill level 5 in Armour
  3505 | D:5      | Reached skill level 6 in Shields
  3507 | D:5      | You fall into a shaft and drop 2 floors!
  3747 | D:7      | Killed from afar by an orc priest

Illustrated notes

Levels and vault maps discovered:
D:1:      sevenhm_arrival_forest_fort_large_2, layout_rooms, minivault_26,
          minmay_octomino_e4
D:2:      layout_basic
D:3:      layout_basic
D:4:      layout_loops_ring, nicolae_overflow_squiral, minivault_27,
          amcnicky_mini_pool_small
D:5:      minmay_general_purpose_star, layout_basic
D:7:      layout_basic, minmay_temple_entry_grid

Skill      XL: |  1  2  3  4  5  6  7 |
---------------+----------------------+-----
Axes           | 3 4 5 |  5.3
Fighting       | 4 5 |  5.1
Armour         | 4 5 |  5.1
Shields        | 5 6 |  6.0

Action                     |  1- 3 |  4- 6 |  7- 9 || total
---------------------------+-------+-------+-------++-------
  Melee: War axe           |    92 |       |     9 ||   101
         Mace              |     4 |    88 |    27 ||   119
  Throw: Dart              |       |     9 |     2 ||    11
         Boomerang         |       |       |     5 ||     5
Ability: Dig               |       |     1 |       ||     1
         Shaft Self        |       |       |     1 ||     1
    Use: Scroll            |     1 |     3 |       ||     4
 Armour: Chain mail        |    68 |    38 |    31 ||   137
  Dodge: Dodged            |    43 |    25 |    15 ||    83
  Block: Buckler           |    23 |    14 |    16 ||    53

Table legend: (Time is in decaauts)
 A = Elapsed time spent in this place.
 B = Non-inter-level travel time spent in this place.
 C = Inter-level travel time spent in this place.
 D = Time resting spent in this place.
 E = Time spent auto-exploring this place.
 F = Levels seen in this place.
 G = Mean time per level.
                   A        B        C        D        E       F      G
               +--------+--------+--------+--------+--------+-----+--------+
         Total |   3823 |   3624 |    199 |    354 |   1959 |   6 |  637.2 |
       Dungeon |   3823 |   3624 |    199 |    354 |   1959 |   6 |  637.2 |
               +--------+--------+--------+--------+--------+-----+--------+

Top non-repeatable levels by time:
     D:2: 954 daAuts
     D:4: 940 daAuts
     D:3: 709 daAuts
     D:1: 533 daAuts
     D:5: 442 daAuts
     D:7: 242 daAuts
